 Dungeon Crawl Stone Soup version 0.28-a0-1568-g77cbbf62ba (console) character file.

Game seed: 2843139797184379645

42 Morrissey the Poker (level 3, 0/28 HPs)
             Began as a Merfolk Gladiator on Jan 20, 2022.
             Slain by a goblin (2 damage)
             ... led by Robin
             ... on level 2 of the Dungeon.
             The game lasted 00:02:46 (1064 turns).

Morrissey the Poker (Merfolk Gladiator)             Turns: 1064, Time: 00:02:47

Health: 0/28       AC:  4    Str: 14    XL:     3   Next: 54%
Magic:  3/3        EV: 14    Int:  7    God:
Gold:   36         SH:  0    Dex: 17    Spells: 2/2 levels left

rFire   . . .      SeeInvis .   a - +0 trident
rCold   . . .      Faith    .   (no shield)
rNeg    . . .      Spirit   .   b - +0 leather armour
rPois   .          Reflect  .   c - +0 helmet
rElec   .          Harm     .   (no cloak)
rCorr   .          Rampage  .   (no gloves)
Will    .....                   (no boots)
Stlth   +.........              (no amulet)
HPRegen 0.09/turn               (no ring)
MPRegen 0.08/turn               (no ring)

@: no status effects
A: (nimble swimmer 2), mertail
a: no special abilities


You were on level 2 of the Dungeon.
You visited 1 branch of the dungeon, and saw 2 of its levels.

You collected 36 gold pieces.

Inventory:

Hand Weapons
 a - a +0 trident (weapon)
Missiles
 d - 3 throwing nets
 g - 3 atropa-tipped darts (quivered)
Armour
 b - a +0 leather armour (worn)
 c - a +0 helmet (worn)
 i - a +0 tower shield
Scrolls
 e - 2 scrolls of identify {unknown}
 f - a scroll of teleportation {unknown}
 h - a scroll of immolation {unknown}


   Skills:
 + Level 2.7 Fighting
 * Level 5.3 Polearms
 - Level 2.0 Throwing
 * Level 4.8 Dodging


You had 2 spell levels left.
You didn't know any spells.
Your spell library was empty.

Dungeon Overview and Level Annotations

Branches:
Dungeon (2/15)

Altars:

Annotations:
D:2 Robin


Innate Abilities, Weirdness & Mutations

((You are very nimble when in or above water. (Stealth+, EV+, Speed+++)))
Your lower body shifts to a powerful aquatic tail in water.


Message History

Things that are here:
a +0 dagger of distortion; a goblin corpse You hit the goblin.
The goblin is severely wounded.
The goblin hits you but does no damage. The goblin hits you with a +0 dagger.
Unknown command.
The goblin hits you with a +0 dagger.
Robin says, "Feeling lonely?"
Robin throws the goblin at you!
You barely miss the goblin. The goblin closely misses you.
A goblin comes into view. It is wielding a +0 dagger.
The goblin closely misses you. Robin throws the goblin at you!
The goblin hits you with a +0 dagger. The goblin closely misses you.
The goblin moves out of view.
You puncture the goblin!
You kill the goblin!
The goblin hits you with a +0 dagger.
* * * LOW HITPOINT WARNING * * *
Robin roars a battlecry!
The goblins go into a battle-frenzy!
The goblin misses you. The goblin completely misses you.
The goblin closely misses you. The goblin barely misses you.
The goblin unwields a +0 club.
The goblin wields a +0 hunting sling.
The goblin shoots a stone.
The stone hits you.
* * * LOW HITPOINT WARNING * * *
The goblin hits you with a +0 dagger.
* * * LOW HITPOINT WARNING * * *
Things that are here:
a +0 club; a goblin corpse The goblin closely misses you.
Robin's bangles clink loudly.
Robin throws the goblin at you!
* * * LOW HITPOINT WARNING * * *
The goblin hits you with a +0 club.
* * * LOW HITPOINT WARNING * * *
There is a stone staircase leading up, spattered with blood here.
Robin laughs in a distinctly smug fashion.
The goblin hits you with a +0 dagger.
You die...

...# #..#.#
#gg#(#
#g.#.#
#gg#.#
#gg#.#
#gg#.#
#.g#.#.####
#..@.......
#.g..#.####
#......
#....#..#
####.#..#
.. .# ... #
###


You could see Robin and 10 goblins.

Vanquished Creatures
  A dart slug (D:1)
  4 bats (D:1)
  An endoplasm (D:1)
  3 giant cockroaches (D:1)
  6 goblins
  A hobgoblin (D:1)
  4 jackals (D:1)
  2 quokkas (D:1)
  5 ball pythons (D:1)
  3 frilled lizards (D:1)
  4 kobolds (D:1)
  A rat (D:1)
35 creatures vanquished.

Notes
Turn   | Place    | Note
-------+----------+-------------------------------------------
     0 | D:1      | Morrissey the Merfolk Gladiator began the quest for the
                  | Orb.
     0 | D:1      | Reached XP level 1. HP: 16/16 MP: 1/1
    95 | D:1      | Reached XP level 2. HP: 6/23 MP: 2/2
   384 | D:1      | Reached skill level 5 in Polearms
   510 | D:1      | Reached XP level 3. HP: 17/28 MP: 3/3
  1052 | D:2      | Noticed Robin
  1064 | D:2      | Slain by a goblin

Illustrated notes

Levels and vault maps discovered:
D:1:      giann_horns, layout_rooms
D:2:      layout_basic, serial_shops, shop, chequers_serial_rivers_large_b,
          uniq_robin, uniq_natasha

Skill      XL: |  1  2 |
---------------+-------+-----
Polearms       | 5 |  5.3
Fighting       | |  2.7
Throwing       | |  2.0
Dodging        | |  4.8

Action                   || total
-------------------------++-------
Melee: Trident           ||   100
       Punch             ||     1
Armor: Leather armour    ||    26
Dodge: Dodged            ||    98

Table legend: (Time is in decaauts)
 A = Elapsed time spent in this place.
 B = Non-inter-level travel time spent in this place.
 C = Inter-level travel time spent in this place.
 D = Time resting spent in this place.
 E = Time spent auto-exploring this place.
 F = Levels seen in this place.
 G = Mean time per level.
                   A        B        C        D        E       F      G
               +--------+--------+--------+--------+--------+-----+--------+
         Total |   1069 |   1043 |     26 |     77 |    751 |   2 |  534.5 |
       Dungeon |   1069 |   1043 |     26 |     77 |    751 |   2 |  534.5 |
               +--------+--------+--------+--------+--------+-----+--------+

Top non-repeatable levels by time:
     D:1: 1057 daAuts
     D:2: 12 daAuts
